AoeStats
← 玩印度的哥们硬不起来

Arena

509594775Analyzed
2v2 RM · 5d ago on Sep 27, 2026· 29m 28s· 4 players
Game mode
Random Map
Map size
Medium (4 player)
Population
200
Speed
Normal
Resources
Standard
Victory
Conquest
Starting age
Dark Age
Ending age
Imperial Age
RankedLock teamsTeams togetherTeam positionsShared explorationLock speedFull tech treeHidden civsTurbo modeCheats
Victory
Defeat
1458
+17
🇯🇵 Spanish · Japan
1431
+18
🇩🇪 Teutons · Germany
1477
-18
🇳🇱 Persians · Netherlands
1476
-17
玩印度的哥们硬不起来
3:54 Loom
11:07 Feudal Age
15:15 Castle Age
13:35 Double-Bit Axe
19:06 Horse Collar
23:32 Heavy Plow
25:45 Wheelbarrow
25:33 Bow Saw
27:49 Hand Cart
27:37 Gold Mining
27:39 Stone Mining
30:51 Imperial Age
29:01 Scale Barding Armor
29:37 Devotion
ggmax
9:56 Feudal Age
11:25 Loom
14:28 Castle Age
12:52 Double-Bit Axe
13:21 Horse Collar
15:28 Bow Saw
18:58 Padded Archer Armor
21:21 Leather Archer Armor
24:36 Wheelbarrow
26:29 Bloodlines
26:20 Husbandry
SbS | TetraPak
11:09 Feudal Age
14:42 Castle Age
12:32 Double-Bit Axe
12:51 Loom
12:49 Horse Collar
17:35 Bow Saw
19:49 Sanctity
25:22 Pikeman
28:27 Wheelbarrow
27:39 Town Watch
31:10 Imperial Age
29:15 Redemption
Mr Bowll
11:02 Feudal Age
14:26 Castle Age
14:57 Forging
14:37 Double-Bit Axe
14:35 Horse Collar
19:37 Bow Saw
Connection lost

Rejoining the realm…

Still unreachable

The connection could not be restored.

Session expired

The server has moved on; the page needs a fresh start.